 Dungeon Crawl Stone Soup version 0.29.0-15-g675c0067aa (webtiles) character file.

Game seed: 15642581898839423928

50 qw the Chopper (level 3, -6/29 (31) HPs)
             Began as a Minotaur Berserker on Sept 12, 2022.
             Was a Follower of Trog.
             Mangled by a gnoll
             ... wielding a +2 flail of draining
              (10 damage)
             ... on level 2 of the Dungeon.
             The game lasted 00:00:25 (1326 turns).

qw the Chopper (Minotaur Berserker)                 Turns: 1326, Time: 00:00:26

HP:   -6/29 (31)    AC:  2    Str: 23    XL:     3   Next: 55%
MP:   2/2           EV: 12    Int:  4    God:    Trog [*.....]
Gold: 66            SH:  0    Dex:  9    Spells: 2/2 levels left

rFire   . . .      SeeInvis .   Y - +0 hand axe
rCold   . . .      Faith    .   (no shield)
rNeg    . . .      Spirit   .   b - +0 animal skin
rPois   .          Reflect  .   (helmet restricted)
rElec   .          Harm     .   (no cloak)
rCorr   .          Rampage  .   (no gloves)
Will    .....                   (no boots)
Stlth   +.........              (no amulet)
HPRegen 0.09/turn               (no ring)
MPRegen 0.08/turn               (no ring)

@: on berserk cooldown, slowed, drained, very slow
A: horns 2, retaliatory headbutt
a: Renounce Religion, Berserk


You were on level 2 of the Dungeon.
You worshipped Trog.
Trog was aware of your devotion.
You visited 1 branch of the dungeon, and saw 2 of its levels.

You collected 66 gold pieces.


Innate Abilities, Weirdness & Mutations

You have a pair of horns on your head.
You reflexively headbutt those who attack you in melee.


   Skills:
 - Level 3.6 Fighting
 + Level 5.6 Axes
 - Level 2.4 Armour
 - Level 2.1 Dodging


You had 2 spell levels left.
You didn't know any spells.
Your spell library was empty.

Inventory:

Hand Weapons
 j - a +0 morningstar
 Y - a +0 hand axe (weapon)
Armour
 b - a +0 animal skin (worn)
Potions
 a - a potion of cancellation {unknown}
 c - a potion of berserk rage {unknown}
 d - a potion of curing
 e - a potion of magic {unknown}
 f - a potion of flight {unknown}
 g - 2 potions of attraction {unknown}

Dungeon Overview and Level Annotations

Branches:
Dungeon (2/15)

Altars:


Message History

1305 ||| FLEEEEING.
You start resting.
A gnoll is nearby!
1310 ||| Stepping ~*~*~tactically~*~*~ (hiding).
You start resting.
A gnoll is nearby!
1313 ||| INVOKING Berserk.
A red film seems to cover your vision as you go berserk!
You feel yourself moving faster!
You feel mighty!
The gnoll hits you from afar with a +0 spear.
You feel a strong urge to attack something.
The gnoll hits you with a +0 spear.
You slash the gnoll!
You kill the gnoll!
Trog accepts your kill.
You start resting.
You feel a strong urge to attack something.
You feel your anger nearly subside.
You are no longer berserk.
You are exhausted.
You feel yourself slow down.
A gnoll comes into view. It is wielding a +2 flail of draining.
1320 ||| Stepping ~*~*~tactically~*~*~ (stealth).
Things that are here:
a +0 spear; a gnoll corpse
1321 ||| Stepping ~*~*~tactically~*~*~ (stealth).
A gnoll comes into view. It is wielding a +0 flail.
1322 ||| Stepping ~*~*~tactically~*~*~ (stealth).
Things that are here:
a +0 spear; a gnoll corpse You closely miss the gnoll.
The gnoll hits you with a +2 flail of draining!
You feel drained. The gnoll closely misses you. You furiously retaliate!
You headbutt the gnoll, but do no damage.
You hit the gnoll but do no damage.
The gnoll hits you with a +2 flail of draining.
You feel drained.
You hit the gnoll.
The gnoll is moderately wounded.
The gnoll hits you with a +2 flail of draining!
You die...

#.#.#.g##.###.
##.#...........
##>.....###..###
#.#.....# .#
#.#..#.# ..
#....#.# ##
#.####.# # #.#
#..
#.###@####...
#.....g.....#
#####.####..#
#.# # #.####..#
#.(.....#
###..####....
#....# # #%##.#


You could see a gnoll.

Vanquished Creatures
  A gnoll (D:2)
  An adder (D:2)
  A dart slug (D:1)
  2 endoplasms (D:1)
  A giant cockroach (D:2)
  2 hobgoblins (D:1)
  2 jackals (D:1)
  5 ball pythons
  7 bats
  A frilled lizard (D:1)
  3 goblins (D:1)
  A kobold (D:1)
  4 rats
31 creatures vanquished.

Notes
Turn   | Place    | Note
-------+----------+-------------------------------------------
     0 | D:1      | qw the Minotaur Berserker began the quest for the Orb.
     0 | D:1      | Reached XP level 1. HP: 19/19 MP: 0/0
     0 | D:1      | 0 ||| qw: Version: 0.1-a-119-g272c26d
     0 | D:1      | 0 ||| qw: Game counter: 10985
     0 | D:1      | 0 ||| qw: Always use a shield: true
     0 | D:1      | 0 ||| qw: Do Orc after D:15 true
     0 | D:1      | 0 ||| qw: Do second Lair branch before Depths: true
     0 | D:1      | 0 ||| qw: Lair rune preference: random
     0 | D:1      | 0 ||| qw: Plans: Normal
     0 | D:1      | 0 ||| PLANNING D:1-11
   132 | D:1      | Found a faded altar of an unknown god.
   187 | D:1      | Reached skill level 4 in Axes
   189 | D:1      | 189 ||| Stepping ~*~*~tactically~*~*~ (hiding).
   200 | D:1      | Reached XP level 2. HP: 24/26 MP: 1/1
   252 | D:1      | 252 ||| Stepping ~*~*~tactically~*~*~ (stealth).
   253 | D:1      | 253 ||| Stepping ~*~*~tactically~*~*~ (stealth).
   386 | D:1      | 386 ||| DROPPING +0 mace.
   538 | D:1      | Reached skill level 5 in Axes
   798 | D:1      | 798 ||| DROPPING scarf of shadows.
   799 | D:1      | 799 ||| READING scroll labelled JETHREFFECWE.
   800 | D:1      | 800 ||| READING scroll labelled LUMIPL DERPH.
   801 | D:1      | 801 ||| READING scroll labelled EGUTEN QIARE.
   802 | D:1      | 802 ||| DRINKING 2 bubbling golden potions.
   803 | D:1      | 803 ||| Stepping randomly (stuck).
   804 | D:1      | 804 ||| Stepping ~*~*~tactically~*~*~ (cloud).
   807 | D:1      | HP: 6/26 [poisoned by you (poison gas)]
   812 | D:1      | HP: 2/26 [poisoned by you (poison gas)]
  1156 | D:2      | Reached XP level 3. HP: 31/31 MP: 2/2
  1298 | D:2      | 1298 ||| FLEEEEING.
  1299 | D:2      | 1299 ||| FLEEEEING.
  1300 | D:2      | 1300 ||| FLEEEEING.
  1301 | D:2      | 1301 ||| FLEEEEING.
  1302 | D:2      | 1302 ||| FLEEEEING.
  1303 | D:2      | 1303 ||| FLEEEEING.
  1304 | D:2      | 1304 ||| FLEEEEING.
  1305 | D:2      | 1305 ||| FLEEEEING.
  1310 | D:2      | 1310 ||| Stepping ~*~*~tactically~*~*~ (hiding).
  1313 | D:2      | 1313 ||| INVOKING Berserk.
  1320 | D:2      | 1320 ||| Stepping ~*~*~tactically~*~*~ (stealth).
  1321 | D:2      | 1321 ||| Stepping ~*~*~tactically~*~*~ (stealth).
  1322 | D:2      | 1322 ||| Stepping ~*~*~tactically~*~*~ (stealth).
  1325 | D:2      | HP: 4/30 [gnoll/+2 flail of draining (6)]
  1326 | D:2      | Mangled by a gnoll

Levels and vault maps discovered:
D:1:      minmay_arrival_doors, layout_loops_ring,
          chequers_ecumenical_altar_island
D:2:      layout_loops_ring, hangedman_abyss_or_decor_stabs

Skill      XL: |  1  2 |
---------------+-------+-----
Axes           | 4 5 |  5.6
Fighting       | |  3.6
Armour         | |  2.4
Dodging        | |  2.1

Action                   || total
-------------------------++-------
Melee: Hand axe          ||    53
       Headbutt          ||     7
       Punch             ||     1
Invok: Berserk           ||     1
  Use: Scroll            ||     3
       Potion            ||     1
Armor: Animal skin       ||    10
Dodge: Dodged            ||    27

Table legend:
 A = Non-vault XP
 B = Vault XP
 C = Vault XP percentage of total XP
 D = Non-vault monster count
 E = Vault monster count
 F = Vault count percentage of total count
                 A         B        C        D         E       F
            +---------+---------+-------+---------+---------+-------
      Total |      72 |       0 |   0.0 |      31 |       0 |   0.0
            +---------+---------+-------+---------+---------+-------
        D:1 |      37 |       0 |   0.0 |      23 |       0 |   0.0
        D:2 |      35 |       0 |   0.0 |       8 |       0 |   0.0
            +---------+---------+-------+---------+---------+-------
